 Dungeon Crawl Stone Soup version 0.32-a0-738-g1a05c61809 (webtiles) character file.

Game seed: 8675568895051491852

254 Descartes the Chopper (level 5, -12/47 HPs)
             Began as a Mountain Dwarf Chaos Knight on Mar 17, 2024.
             Was a Plaything of Xom.
             Mangled by an ogre
             ... wielding a +0 giant spiked club
              (22 damage)
             ... on level 3 of the Dungeon.
             The game lasted 00:01:47 (1083 turns).

Descartes the Chopper (Mountain Dwarf Chaos Knight) Turns: 1083, Time: 00:01:48

Health: -12/47     AC:  6    Str: 15    XL:     5   Next: 90%
Magic:  5/5        EV: 11    Int: 12    God:    Xom [...*..]
Gold:   111        SH:  0    Dex: 11    Spells: 4/4 levels left

rFire   . . .        a - +0 hand axe (chaos)
rCold   . . .        (no shield)
rNeg    . . .        b - +2 leather armour
rPois   .            (no helmet)
rElec   .            (no cloak)
rCorr   .            (no gloves)
SInv    .            j - +0 pair of boots
Will    .....        (no amulet)
Stlth   +            (no ring)
HPRegen 0.27/turn    (no ring)
MPRegen 0.09/turn

%: no passive effects
@: no status effects
A: runic magic, artefact enchanting
a: Renounce Religion


You were on level 3 of the Dungeon.
You worshipped Xom.
You were a favourite toy of Xom.
You visited 1 branch of the dungeon, and saw 3 of its levels.

You collected 111 gold pieces.

Inventory:

Hand Weapons
 a - a +0 hand axe of chaos (weapon)
Armour
 b - a +2 leather armour (worn)
 j - a +0 pair of boots (worn)
Scrolls
 c - a scroll of butterflies
 h - 2 scrolls of identify {unknown}
 i - 3 scrolls of revelation {unknown}
 k - 2 scrolls of teleportation {unknown}
 l - a scroll of torment {unknown}
Potions
 d - a potion of cancellation {unknown}
 e - 2 potions of curing {unknown}
 f - 2 potions of haste {unknown}
 g - a potion of lignification {unknown}
 m - a potion of magic {unknown}
 n - a potion of heal wounds {unknown}


   Skills:
 + Level 4.6 Fighting
 + Level 5.1 Axes
 + Level 3.8 Armour
 + Level 2.2 Dodging


You had 4 spell levels left.
You didn't know any spells.
Your spell library contained the following spells:

 Spells                   Type           Power      Damage    Failure   Level
 Gell's Gravitas          Tloc           0%         N/A       71%         3
 Teleport Other           Tloc           0%         N/A       71%         3
 Dispersal                Tloc           0%         N/A       100%        6


Dungeon Overview and Level Annotations

Branches:
Dungeon (3/15)

Altars:


Innate Abilities, Weirdness & Mutations

Your spellcasting is much less encumbered by armour.
You can use scrolls of enchantment on lesser artefacts.


Message History

The adder blinks!
You hit the adder.
The adder appears confused.
The adder is moderately wounded.
The bat blinks!
The adder blinks!
The ogre blinks!
The bat hits you but does no damage.
You closely miss the bat.
Your ufetubus blinks!
The translocation energy dissipates.
The bat hits you but does no damage.
You closely miss the bat.
Your ufetubus stops glowing.
The ogre stops glowing.
The bat hits you but does no damage.
You closely miss the bat.
The adder stops glowing.
The bat completely misses you. The bat hits you but does no damage.
You hit the bat.
The acid corrodes the bat!
The bat is severely wounded.
The bat closely misses you. The bat misses you.
The bat hits you but does no damage.
Your ufetubus closely misses the bat.
Your ufetubus hits the bat.
The bat dies!
Your ufetubus hits the ogre. x2
The ogre hits you with a +0 giant spiked club!!
* * * LOW HITPOINT WARNING * * *
Your ufetubus barely misses the ogre.
Your ufetubus hits the ogre.
You see here a bat corpse.
You are too injured to fight recklessly!
You are too injured to fight recklessly!
Unknown command.
You hit the ogre but do no damage.
The ogre is heavily wounded.
Your ufetubus hits the ogre. x2
You hit the ogre. You freeze the ogre.
The ogre is severely wounded.
Your ufetubus hits the ogre. x2
The ogre hits you with a +0 giant spiked club!!
You die...
Xom is highly amused!

#........###..# #.#.##..
...........#......### #.#.#
..
##.......#.#.###....####.#.#
... #.......#.#.#.........
#...................###
#.........##..........##
#..)....###.........S..##
#.......##....O.........#
#.......#.....5@.........
#........................
#####................[...
######.............##
#............##
#.#.........## #.##.......##
.............##
........#...##


You could see an ogre (confused, ally target), an adder (confused) and a
friendly ufetubus (summoned).

Vanquished Creatures
  A gnoll (D:1)
  5 adders
  A ball python (D:1)
  6 bats
  2 endoplasms
  4 goblins (D:2)
  5 hobgoblins
  4 frilled lizards
  2 kobolds
  3 rats
33 creatures vanquished.

Vanquished Creatures (collateral kills)
  Sigmund (D:3)
  A bat (D:3)
2 creatures vanquished.

Grand Total: 35 creatures vanquished

Notes
Turn   | Place    | Note
-------+----------+-------------------------------------------
     0 | D:1      | Descartes the Mountain Dwarf Chaos Knight began the quest
                  | for the Orb.
     0 | D:1      | Reached XP level 1. HP: 19/19 MP: 1/1
    10 | D:1      | Found a faded altar of an unknown god.
    40 | D:1      | Reached skill level 1 in Dodging
    40 | D:1      | Reached XP level 2. HP: 22/26 MP: 2/2
   197 | D:1      | XOM: smoke on damage
   215 | D:1      | Reached skill level 4 in Axes
   298 | D:1      | XOM: cloud trail
   362 | D:2      | XOM: divination: detect items
   382 | D:2      | Reached XP level 3. HP: 32/33 MP: 3/3
   503 | D:2      | XOM: silly message
   828 | D:2      | XOM: cloud trail
   932 | D:3      | XOM: blink monster(s)
   940 | D:3      | Reached XP level 4. HP: 32/40 MP: 4/4
   941 | D:3      | XOM: noise
   985 | D:3      | Noticed Sigmund
   991 | D:3      | XOM: potion effect (haste)
   995 | D:3      | XOM: summons friendly ufetubus
  1000 | D:3      | Killed Sigmund
  1001 | D:3      | Reached skill level 5 in Axes
  1001 | D:3      | Reached XP level 5. HP: 36/47 MP: 5/5
  1060 | D:3      | Noticed an ogre
  1063 | D:3      | XOM: cast spell 'Cause Fear'
  1066 | D:3      | XOM: cast spell 'Disjunction'
  1068 | D:3      | XOM: fake destruction
  1083 | D:3      | Mangled by an ogre

Illustrated notes

Levels and vault maps discovered:
D:1:      dpeg_arrival_connections, layout_rooms,
          hellmonk_ecumenical_altar_heavens_door, chequers_arboretum
D:2:      layout_rooms
D:3:      layout_basic, uniq_grinder, uniq_sigmund

Skill      XL: |  1  2  3  4 |
---------------+-------------+-----
Dodging        | 1 2 |  2.2
Axes           | 4 5 |  5.1
Armour         | 3 |  3.8
Fighting       | 4 |  4.6

Action                     |  1- 3 |  4- 6 || total
---------------------------+-------+-------++-------
  Melee: Hand axe          |   119 |    25 ||   144
 Armour: Leather armour    |    71 |    17 ||    88
  Dodge: Dodged            |    86 |     8 ||    94

Table legend: (Time is in decaauts)
 A = Elapsed time spent in this place.
 B = Non-inter-level travel time spent in this place.
 C = Inter-level travel time spent in this place.
 D = Time resting spent in this place.
 E = Time spent auto-exploring this place.
 F = Levels seen in this place.
 G = Mean time per level.
                   A        B        C        D        E       F      G
               +--------+--------+--------+--------+--------+-----+--------+
         Total |   1089 |   1062 |     27 |      0 |    746 |   3 |  363.0 |
       Dungeon |   1089 |   1062 |     27 |      0 |    746 |   3 |  363.0 |
               +--------+--------+--------+--------+--------+-----+--------+

Top non-repeatable levels by time:
     D:2: 485 daAuts
     D:1: 440 daAuts
     D:3: 163 daAuts
